 Dungeon Crawl Stone Soup version 0.19.0-20-gbc5f0c6 (webtiles) character file.

118 dobroeutro the Archer (level 4, -2/36 HPs)
             Began as a Centaur Hunter on Nov 16, 2016.
             Slain by an ogre
             ... wielding a +0 giant spiked club
              (17 damage)
             ... on level 3 of the Dungeon.
             The game lasted 00:03:52 (2511 turns).

dobroeutro the Archer (Centaur Hunter)              Turns: 2511, Time: 00:03:53

Health: -2/36      AC:  5    Str: 14    XL:     4   Next: 72%
Magic:  4/4        EV:  9    Int: 10    God:
Gold:   115        SH:  0    Dex: 11    Spells: 0 memorised, 3 levels left

rFire  . . .     SeeInvis .     b - +0 short sword
rCold  . . .     Gourm    .     c - +0 leather armour
rNeg   . . .     Faith    .     (no shield)
rPois  .         Spirit   .     g - +0 helmet
rElec  .         Reflect  .     (no cloak)
rCorr  .         Harm     .     (no gloves)
MR     .....                    (no barding)
Stlth  +.........               (no amulet)
                                (no ring)
                                (no ring)

@: very quick
A: hooves 3, deformed body, speed 2, tough skin 3
a: no special abilities


You were on level 3 of the Dungeon.
You were not hungry.

You visited 1 branch of the dungeon, and saw 3 of its levels.

You collected 115 gold pieces.

Inventory:

Hand Weapons
 a - a +1 shortbow
 b - a +0 short sword (weapon)
Missiles
 d - 49 arrows
Armour
 c - a +0 leather armour (worn)
 g - a +0 helmet (worn)
Jewellery
 e - an uncursed ring of fire
Wands
 p - a wand of flame (6/48)
 r - a wand of disintegration (12/24)
Scrolls
 i - 2 scrolls of recharging {unknown}
 j - 2 scrolls of teleportation {unknown}
 k - 2 scrolls of identify {unknown}
 l - a scroll of enchant weapon {unknown}
 q - a scroll of enchant armour {unknown}
 t - a scroll of remove curse {unknown}
 v - a scroll of fog {unknown}
Potions
 m - a potion of curing {unknown}
 n - a potion of lignification {unknown}
 s - a potion of degeneration {unknown}
Comestibles
 f - 5 bread rations
 h - a beef jerky
 o - a meat ration


   Skills:
 - Level 2.0 Fighting
 + Level 8.1 Bows
 - Level 1.3 Dodging
 - Level 0.4 Stealth


You had 3 spell levels left.
You didn't know any spells.

Dungeon Overview and Level Annotations

Branches:
Dungeon (3/15)

Altars:
Cheibriados


Innate Abilities, Weirdness & Mutations

You have hooves in place of feet.
Armour fits poorly on your strangely shaped body.
You cover ground very quickly.
You have extremely tough skin. (AC +3)


Message History

You hit the hobgoblin.
The hobgoblin is almost dead.
The hobgoblin barely misses you.
You hit the hobgoblin but do no damage.
The hobgoblin is almost dead.
The hobgoblin closely misses you.
The hobgoblin hits you but does no damage.
You closely miss the hobgoblin. Your kick misses the hobgoblin.
The hobgoblin is almost dead.
The hobgoblin hits you but does no damage.
You closely miss the hobgoblin.
The hobgoblin is almost dead.
The hobgoblin barely misses you.
An ogre comes into view. It is wielding a giant spiked club.
You hit the hobgoblin.
You kill the hobgoblin!
You hit the ogre. You kick the ogre.
The ogre is lightly wounded.
The ogre hits you with a giant spiked club!
You die...

.#.. .. .#.# .### o ...
..# #..####.###.#.#
#...........#.#
#........# ##.##
#..##.##.###.†<###
#...O........#.†.#####
#.##@##.#.#....>.....
#.#.>.#)#.####..#####
#.......#.##.......##
###...###.##.#..##.##
#...###.##.#..##.##
#(............##.##
#######....####..#.†.....
#....>...........#..##.#.
............[....#..##...


You could see an ogre.

Vanquished Creatures
  Ijyb (D:2)
  3 adders
  An ooze (D:3)
  A worm (D:2)
  3 dart slugs (D:2)
  A leopard gecko (D:1)
  2 orcs (D:3)
  A ball python (D:2)
  6 bats
  A giant cockroach (D:3)
  4 goblins
  8 hobgoblins
  A quokka (D:2)
  5 frilled lizards
  5 kobolds
  8 rats
51 creatures vanquished.

Notes
Turn   | Place    | Note
-------+----------+-------------------------------------------
     0 | D:1      | dobroeutro the Centaur Hunter began the quest for the Orb.
     0 | D:1      | Reached XP level 1. HP: 17/17 MP: 1/1
   198 | D:1      | Reached XP level 2. HP: 22/24 MP: 2/2
   243 | D:1      | Reached skill level 6 in Bows
   787 | D:2      | Noticed Ijyb
   872 | D:1      | Reached XP level 3. HP: 4/29 MP: 3/3
  1547 | D:2      | Reached skill level 7 in Bows
  1673 | D:2      | Found a snail-covered altar of Cheibriados.
  1831 | D:2      | Killed Ijyb
  1831 | D:2      | Reached XP level 4. HP: 5/36 MP: 4/4
  2379 | D:3      | Reached skill level 8 in Bows
  2509 | D:3      | Noticed an ogre
  2511 | D:3      | Slain by an ogre

Skill      XL: |  1  2  3  4 |
---------------+-------------+-----
Bows           | 6 7 8 |  8.1
Fighting       | |  2.0
Dodging        | |  1.3
Stealth        | |  0.4

Action                   |  1- 3 |  4- 6 || total
-------------------------+-------+-------++-------
Melee: Short sword       |    78 |    84 ||   162
       Kick              |    13 |    16 ||    29
 Fire: Shortbow          |    24 |       ||    24
Evoke: Wand              |     6 |     1 ||     7
  Use: Potion            |     2 |       ||     2
  Eat: Chunk             |     2 |     2 ||     4
Armor: Leather armour    |    30 |    45 ||    75
Dodge: Dodged            |    35 |    44 ||    79
